 Dungeon Crawl Stone Soup version 0.23.2-11-gf996548c65 (webtiles) character file.

Game seed: 5672183926876630313

4179 teukkam the Protected (level 10, 0/90 HPs)
             Began as a Minotaur Fighter on June 6, 2019.
             Was an Initiate of Gozag.
             Slain by a two-headed ogre
             ... wielding a +0 giant club
              (24 damage)
             ... on level 9 of the Dungeon.
             The game lasted 00:22:52 (6672 turns).

teukkam the Protected (Minotaur Fighter)            Turns: 6672, Time: 00:22:54

Health: 0/90       AC:  9    Str: 28    XL:     10   Next: 8%
Magic:  9/9        EV:  8    Int:  5    God:    Gozag
Gold:   1147       SH:  6    Dex: 13    Spells: 9/9 levels left

rFire    . . .     SeeInvis +   I - +1 long sword (slice)
rCold    . . .     Gourm    .   q - +0 buckler of the Sky {rPois SInv}
rNeg     . . .     Faith    .   x - +0 scale mail
rPois    +         Spirit   .   (helmet restricted)
rElec    .         Reflect  .   (no cloak)
rCorr    .         Harm     .   (no gloves)
MR       .....                  e - +0 pair of boots
Stlth    ++........             r - amulet of rage
HPRegen  0.25/turn              s - ring "Xurab" {EV-2 Str+4 Dex+3 Stlth+}
MPRegen  0.11/turn              (no ring)

@: no status effects
A: retaliatory headbutt, horns 2
a: Potion Petition, Call Merchant, Bribe Branch, Renounce Religion, Evoke
Berserk Rage


You were on level 9 of the Dungeon.
You worshipped Gozag.
Gozag was most pleased with you.
You were not hungry.

You visited 2 branches of the dungeon, and saw 10 of its levels.

You collected 1464 gold pieces.
You spent 273 gold pieces at shops.
You paid 44 gold pieces to Gozag.

Inventory:

Hand Weapons
 a - a +1 war axe
 b - a +2 dagger of chaos
 v - a +2 whip of freezing
 I - a +1 long sword of slicing (weapon)
Missiles
 z - 25 sling bullets
Armour
 c - a +0 shield
 e - a +0 pair of boots (worn)
 q - the +0 buckler of the Sky (worn) {rPois SInv}
   (You found it on level 5 of the Dungeon)

   It protects you from poison.
   It lets you see invisible.
 x - a +0 scale mail (worn)
 H - a +0 ring mail
Jewellery
 r - an amulet of rage (around neck)
 s - the ring "Xurab" (left hand) {EV-2 Str+4 Dex+3 Stlth+}
   (You bought it in a shop on level 5 of the Dungeon)

   [ring of evasion]

   It affects your evasion (-2).
   It affects your strength (+4).
   It affects your dexterity (+3).
   It makes you more stealthy.
Scrolls
 d - 2 scrolls of teleportation {unknown}
 i - 10 scrolls of identify
 j - a scroll of blinking
 k - a scroll of enchant weapon
 n - 3 scrolls of fear {unknown}
 o - 2 scrolls of noise {unknown}
 p - a scroll of immolation {unknown}
 t - 8 scrolls of remove curse
 y - a scroll of magic mapping {unknown}
 E - 2 scrolls of random uselessness {unknown}
 F - 2 scrolls of amnesia {unknown}
Potions
 g - a potion of flight {unknown}
 h - a potion of berserk rage
 l - 2 potions of haste
 m - 2 potions of curing {unknown}
 u - 2 potions of magic {unknown}
 w - 2 potions of lignification {unknown}
 A - a potion of mutation {unknown}
 B - 4 potions of heal wounds
 C - 2 potions of might
 D - a potion of invisibility {unknown}
 G - a potion of brilliance {unknown}
Comestibles
 f - a ration


   Skills:
 + Level 8.9 Fighting
 + Level 3.4 Short Blades
 - Level 7.4 Axes
 + Level 8.9 Armour
 + Level 4.8 Stealth
 + Level 8.9 Shields


You had 9 spell levels left.
You didn't know any spells.
Your spell library contained the following spells:

 Spells                   Type           Power        Failure   Level  Hunger
 Animate Skeleton         Necr           N/A          71%         1    ##.....
 Apportation              Tloc           #.....       71%         1    ##.....
 Confusing Touch          Hex            #.....       71%         1    ##.....
 Corona                   Hex            #......      71%         1    ##.....
 Summon Small Mammal      Summ           #...         71%         1    ##.....
 Ensorcelled Hibernation  Hex/Ice        #.....       83%         2    ###....
 Confuse                  Hex            #.......     97%         3    ####...
 Dazzling Spray           Conj/Hex       #.....       97%         3    ####...
 Tukima's Dance           Hex            #.......     97%         3    ####...
 Haunt                    Necr/Summ      #.........   100%        7    #######
 Borgnjor's Revivificati  Necr           #.........   100%        8    #######
 Death's Door             Chrm/Necr      #.........   100%        8    #######
 Infestation              Necr           #.........   100%        8    #######
 Necromutation            Tmut/Necr      #.........   100%        8    #######


Dungeon Overview and Level Annotations

Branches:
Dungeon (9/15)             Temple (1/1) D:4
   Lair: D:8-11         Orc: D:9-12

Altars:
Ashenzari
Cheibriados
Gozag
Hepliaklqana
Kikubaaqudgha
Makhleb
Nemelex Xobeh
Okawaru
Sif Muna
Trog
Uskayaw
Vehumet
Wu Jian
Xom
Zin
The Shining One

Shops:
D:5 =


Innate Abilities, Weirdness & Mutations

You reflexively headbutt those who attack you in melee.
You have a pair of horns on your head.


Message History

The cyclops becomes distracted by your gold, dreaming of imaginary riches.
The cyclops shouts!
The two-headed ogre shouts in stereo!
You hit the two-headed ogre but do no damage.
The two-headed ogre is no longer distracted by gold.
The two-headed ogre is heavily wounded.
The cyclops is no longer distracted by gold.
The two-headed ogre barely misses you. You furiously retaliate!
You headbutt the two-headed ogre.
The two-headed ogre hits you with a +0 giant club.
You hit the two-headed ogre.
The two-headed ogre is severely wounded.
The two-headed ogre hits you with a +0 giant club!!
The two-headed ogre hits you with a +0 giant club.
You slash the two-headed ogre!
The two-headed ogre is almost dead.
The two-headed ogre hits you with a +0 giant club.
* * * LOW HITPOINT WARNING * * *
The two-headed ogre hits you with a +0 giant club!!
You die...
Your body crumbles into a pile of gold.

....# #.#
#..........# ....#
#.# #..........#
....# #.#
####.####### #####
#.# #.## #.# #..# #
##'##### ...
#.)....#
.....########......#
......O@...##......#
.!..?#####..'......#
... ####......# ≈
####+### $


You could see a two-headed ogre.

Vanquished Creatures
  Pikel (D:6)
  A hippogriff (D:8)
  Sigmund (D:2)
  A wyvern (D:7)
  A hungry ghost (D:7)
  Menkaure (D:6)
  3 orc warriors
  An ice beast (D:8)
  A phantom (D:6)
  A slave (D:6)
  2 ogres (D:9)
  A centaur (D:5)
  2 gnoll sergeants
  5 bullfrogs
  2 scorpions
  4 killer bees (D:9)
  3 crimson imps
  A quasit (D:8)
  A centaur zombie (D:6)
  2 orc priests
  3 hounds
  A gnoll shaman (D:6)
  4 orc wizards
  4 iguanas
  8 worker ants
  A killer bee zombie (D:8)
  2 hound skeletons
  Robin (D:3)
  8 adders
  14 gnolls
  4 river rats (D:3)
  A shadow imp (D:7)
  An ooze (D:4)
  An adder skeleton (D:9)
  An adder zombie (D:7)
  3 worms
  3 dart slugs
  5 leopard geckos
  22 orcs
  4 bats
  3 giant cockroaches
  10 goblins
  6 hobgoblins
  9 jackals
  3 kobolds
  5 quokkas
  2 ball pythons
  6 frilled lizards
  A jackal skeleton (D:7)
  A quokka zombie (D:8)
  9 rats
181 creatures vanquished.

Vanquished Creatures (others)
  A two-headed ogre (D:8)
  3 slaves (D:6)
  An orc wizard (D:6)
  2 worker ants (D:6)
  A gnoll (D:6)
  A quokka (D:6)
9 creatures vanquished.

Grand Total: 190 creatures vanquished

Notes
Turn   | Place    | Note
-------+----------+-------------------------------------------
     0 | D:1      | teukkam the Minotaur Fighter began the quest for the Orb.
     0 | D:1      | Reached XP level 1. HP: 19/19 MP: 0/0
    42 | D:2      | Noticed Sigmund
    50 | D:2      | HP: 1/20 [Sigmund/+0 scythe (1)]
    52 | D:2      | Killed Sigmund
    52 | D:2      | Reached XP level 2. HP: 1/28 MP: 1/1
    52 | D:2      | Reached XP level 3. HP: 2/34 MP: 2/2
    52 | D:2      | Reached XP level 4. HP: 2/41 MP: 3/3
    52 | D:2      | Reached XP level 5. HP: 3/47 MP: 4/4
   695 | D:3      | Reached skill level 5 in Armour
   697 | D:3      | Noticed Robin
   735 | D:4      | Reached skill level 5 in Shields
   872 | D:4      | Found a staircase to the Ecumenical Temple.
   881 | Temple   | Entered the Ecumenical Temple
   894 | Temple   | Became a worshipper of Gozag Ym Sagoz the Greedy
   959 | D:3      | Reached skill level 5 in Fighting
   966 | D:3      | Killed Robin
  1241 | D:3      | Reached XP level 6. HP: 33/56 MP: 5/5
  2273 | D:4      | Found a sparkling altar of Nemelex Xobeh.
  2562 | D:5      | Entered Level 5 of the Dungeon
  2564 | D:5      | Found a shattered altar of Ashenzari.
  2567 | D:5      | Found a sparkling altar of Nemelex Xobeh.
  2571 | D:5      | Reached skill level 5 in Axes
  2579 | D:5      | Found a deep blue altar of Sif Muna.
  2580 | D:5      | Found a hazy altar of Hepliaklqana.
  2581 | D:5      | Found a bloodstained altar of Trog.
  2582 | D:5      | Found a snail-covered altar of Cheibriados.
  2584 | D:5      | Found a hide-covered altar of Uskayaw.
  2585 | D:5      | Found a radiant altar of Vehumet.
  2606 | D:5      | Got a smoking buckler
  2617 | D:5      | Identified the +0 buckler of the Sky {rPois SInv} (You
                  | found it on level 5 of the Dungeon)
  2654 | D:5      | Reached XP level 7. HP: 51/62 MP: 6/6
  2739 | D:5      | Found Hinin's Jewellery Shoppe.
  2754 | D:5      | Bought the cursed ring "Xurab" {EV-2 Str+4 Dex+3 Stlth+}
                  | for 273 gold pieces
  3077 | D:5      | Reached skill level 1 in Stealth
  3233 | D:6      | Noticed Pikel
  3242 | D:6      | Killed Pikel
  3242 | D:6      | Reached XP level 8. HP: 43/71 MP: 7/7
  3534 | D:6      | Noticed Menkaure
  3548 | D:6      | Killed Menkaure
  3895 | D:6      | Found a burning altar of Makhleb.
  3896 | D:6      | Found a shimmering altar of Xom.
  4468 | D:7      | Reached XP level 9. HP: 59/79 MP: 8/8
  5471 | D:8      | Found an ornate altar of the Wu Jian Council.
  5524 | D:8      | Reached skill level 1 in Short Blades
  5725 | D:8      | Noticed a two-headed ogre
  5732 | D:8      | Banished a two-headed ogre
  6386 | D:9      | Reached XP level 10. HP: 66/90 MP: 9/9
  6660 | D:9      | Noticed a two-headed ogre
  6667 | D:9      | Noticed a cyclops
  6672 | D:9      | Slain by a two-headed ogre

Skill      XL: |  1  2  3  4  5  6  7  8  9 |
---------------+----------------------------+-----
Fighting       | 4 5 6 7 8 |  8.9
Axes           | 3 4 5 6 7 |  7.4
Armour         | 4 5 6 7 8 |  8.9
Shields        | 4 5 6 7 8 |  8.9
Stealth        | 2 3 4 |  4.8
Short Blades   | 3 |  3.4

Action                   |  1- 3 |  4- 6 |  7- 9 | 10-12 || total
-------------------------+-------+-------+-------+-------++-------
Melee: War axe           |    12 |   197 |    94 |       ||   303
       Headbutt          |     2 |    28 |    66 |     7 ||   103
       Dagger            |       |       |   182 |    16 ||   198
       Long sword        |       |       |       |    19 ||    19
Evoke: Wand              |       |     2 |     8 |       ||    10
  Use: Potion            |     1 |       |     1 |       ||     2
       Scroll            |       |     4 |     1 |       ||     5
 Stab: Sleeping          |       |       |     3 |       ||     3
       Paralysed         |       |       |     2 |       ||     2
       Distracted        |       |       |       |     1 ||     1
  Eat: Ration            |       |     2 |     4 |     1 ||     7
Armor: Scale mail        |     5 |    94 |   106 |    12 ||   217
Dodge: Dodged            |     5 |    63 |    81 |    15 ||   164
Block: Shield            |     2 |   115 |       |       ||   117
       Buckler           |       |     3 |    64 |     7 ||    74
       Rpst.: Long sword |       |       |       |     2 ||     2
